 Dungeon Crawl Stone Soup version 0.31-a0-1082-g7d1fb776a8 (webtiles) character file.

Game seed: 1072201159592530854

15380 Flugslaktarn the Mimic (level 12, -6/85 HPs)
             Began as an Octopode Shapeshifter on Nov 28, 2023.
             Was an Initiate of Ashenzari.
             Mangled by an unseen horror (11 damage)
             ... on level 11 of the Dungeon.
             The game lasted 00:10:50 (13491 turns).

Flugslaktarn the Mimic (Octopode Shapeshifter)     Turns: 13491, Time: 00:10:51

Health: -6/85      AC:  1    Str: 19    XL:     12   Next: 26%
Magic:  21/21      EV: 21    Int: 13    God:    Ashenzari [......]
Gold:   376        SH:  0    Dex: 22    Spells: 11/11 levels left

rFire   . . .        m - melded +2 dagger (protect)
rCold   . . .        (shield currently unavailable)
rNeg    . . .        (helmet restricted)
rPois   .            (no amulet)
rElec   .            y - +6 ring of dexterity
rCorr   .            e - ring of the Manifest Sky {Str+6, Melee, Comp} (curse)
SInv    .            d - ring of magical power
Will    .....        C - ring of flight
Stlth   +++          (no ring)
HPRegen 1.14/turn    (no ring)
MPRegen 0.17/turn    (no ring)
                     (no ring)

%: random rage (3%)
@: blade tentacles, flying
A: almost no armour, amphibious, 8 rings, camouflage 1, gelatinous body 1,
(nimble swimmer 1), tentacles, berserk 1, regeneration 1
a: Begin Untransformation, Renounce Religion, Shatter the Chains


You were on level 11 of the Dungeon.
You worshipped Ashenzari.
Ashenzari was noncommittal.
You had blades for main tentacles.
You visited 2 branches of the dungeon, and saw 12 of its levels.
You also visited: Ossuary.

You collected 776 gold pieces.
You spent 400 gold pieces at shops.

Inventory:

Hand Weapons
 m - a +2 dagger of protection (melded)
   (You took it off a goblin on level 2 of the Dungeon)
Missiles
 A - 5 throwing nets
Armour
 D - a +0 kite shield
   (You took it off a gnoll sergeant on level 7 of the Dungeon)
Jewellery
 d - a ring of magical power (on tentacle)
   (You found it on level 1 of the Dungeon)
 e - the cursed ring of the Manifest Sky (right blade tentacle) {Str+6, Melee, Comp}
   (You found it on level 3 of the Dungeon)

   [ring of strength]

   Str+6:     It affects your strength (+6).
   It has a curse which improves the following skills: Melee Combat: Short
   Blades, Long Blades, Axes, Maces & Flails, Polearms, Staves and Unarmed
   Combat.
   Companions: Summonings and Necromancy.
 f - a ring of fire
   (You found it on level 10 of the Dungeon)
 i - an amulet of the acrobat
   (You found it on level 10 of the Dungeon)
 y - a +6 ring of dexterity (left blade tentacle)
   (You found it on level 5 of the Dungeon)
 C - a ring of flight (on tentacle)
   (You took it off a wight on level 7 of the Dungeon)
Talismans
 b - a beast talisman
 c - a flux talisman
 k - a blade talisman (active)
   (You found it on level 10 of the Dungeon)
Wands
 u - a wand of acid (2)
   (You bought it in a shop on level 5 of the Dungeon)
 v - a wand of flame (38)
   (You bought it in a shop on level 5 of the Dungeon)
 H - a wand of paralysis (2)
   (You found it on level 4 of the Dungeon)
Scrolls
 s - a scroll of enchant armour
 t - 3 scrolls of teleportation
 E - 2 scrolls of immolation
 G - 2 scrolls of silence
Potions
 a - 3 potions of lignification
 g - a potion of attraction
 h - a potion of haste
 j - a potion of magic
 l - a potion of cancellation {unknown}
 n - a potion of resistance
 q - 6 potions of curing
 B - 2 potions of berserk rage
 F - 2 potions of enlightenment


   Skills:
 + Level 9.1 Fighting
 + Level 10.8 Dodging
 - Level 8.1(8.5) Unarmed Combat
 * Level 11.3 Shapeshifting


You had 11 spell levels left.
You didn't know any spells.
Your spell library was empty.

Dungeon Overview and Level Annotations

Branches:
Dungeon (11/15)            Temple (1/1) D:5            Lair (0/5) D:10
    Orc (0/2) D:9         Ossuary (visited)

Altars:
Ashenzari
Cheibriados
Dithmenos
Elyvilon
Fedhas
Gozag
Hepliaklqana
Kikubaaqudgha
Makhleb
Nemelex Xobeh
Okawaru
Qazlal
Ru
Sif Muna
Trog
Uskayaw
Vehumet
Wu Jian
Xom
Yredelemnul
Zin
The Shining One

Shops:
D:5 *   D:6 (   D:8 *(

Annotations:
D:8 2 transporters, KimchiStew's ghost, novice OpSh


Innate Abilities, Weirdness & Mutations

You have blades for main tentacles.
You are incapable of wielding weapons or throwing items.
You cannot wear most types of armour.
You are amphibious.
You can wear up to eight rings at the same time.
Your skin changes colour to match your surroundings (Stealth+).
Your rubbery body absorbs attacks. (AC +1, EV +1)
((You are camouflaged when in or above water. (Stealth+)))
You have tentacles for arms and can constrict up to eight enemies at once.
You sometimes lose your temper in combat.
Your natural rate of healing is unusually fast.


Message History

Unknown command.
Unknown command.
As you read the scroll of identify, it crumbles to dust.
g - a potion of attraction The cyclops shouts!
Unknown command.
The cyclops closely misses you.
You slice the cyclops!! You squeeze the cyclops.
The cyclops is heavily wounded.
The cyclops hits you.
You slice the cyclops!! You slash the cyclops.
The cyclops is almost dead.
You slice the cyclops!!
You kill the cyclops!
No target in view!
HP restored.
Things that are here:
3 large rocks; a cyclops corpse You reach down and open the door.
There is an open door here.
You now have 352 gold pieces (gained 18).
There is an open door here.
Found a stone staircase leading down.
Found a stone staircase leading up.
A wyvern comes into view.
The wyvern hisses angrily.
The wyvern completely misses you.
You slice the wyvern!!
You kill the wyvern!
No target in view!
No target in view!
You now have 359 gold pieces (gained 7).
v - a wand of flame (38) (gained 11 charges)
You reach down and open the door.
There is an open door here.
You reach down and open the door.
There is an open door here.
Found 5 stones.
Found a potion of degeneration.
E - 2 scrolls of immolation (gained 1)
You reach down and open the door.
There is an open door here.
You reach down and open the door.
There is an open door here.
You reach down and open the door.
There is an open door here.
You reach down and open the door.
There is an open door here.
You now have 376 gold pieces (gained 17).
You reach down and open the door.
Something barely misses you.
No target in view!
No target in view!
No target in view!
No target in view!
No target in view!
No target in view!
No target in view!
Something barely misses you.
There is an open door here.
Something hits you!
Deactivating autopickup; reactivate with Ctrl-A.
Something closely misses you.
No target in view!
Something hits you! Something misses you. Something hits you!
There is an open door here.
Something hits you.
You miss something. Something hits you. Something barely misses you.
You swing at nothing.
You swing at nothing.
Something hits you!
You miss something. Something hits you! Something closely misses you.
Something hits you! Something closely misses you.
Something completely misses you.
You swing at nothing.
Something barely misses you.
You swing at nothing.
Something barely misses you.
You closely miss something. Something barely misses you.
You swing at nothing.
You closely miss something. Your slash misses something.
Your squeeze misses something. Something hits you. Something hits you!
* * * LOW HITPOINT WARNING * * *
You swing at nothing.
Something closely misses you.
You swing at nothing.
You swing at nothing.
Something hits you!
* * * LOW HITPOINT WARNING * * *
You swing at nothing.
You swing at nothing.
Something hits you!
* * * LOW HITPOINT WARNING * * *
You barely miss something. Something barely misses you.
You swing at nothing.
You miss something. Something barely misses you. Something hits you.
* * * LOW HITPOINT WARNING * * *
You hit something. You slash something. Your squeeze misses something.
Something hits you.
* * * LOW HITPOINT WARNING * * *
Aiming: Corrosive Bolt
Press: ? - help, Shift-Dir - straight line, f - you The bolt of acid hits something.
The acid corrodes something!
Something hits you!
You die...

......................
.........####...#####.
.........# #.#.# #.
..####....# #...# #.
..........# #...# ###.
#####....######## #...
#.#..#...# #.#.
#.#..#...# #...
#@#..'...# #...
#....###### #.#.
#.........# #.#.
#..#....#.# #...
#.........#####...
............#..#..#
..#..#....##.#..#...
......................
.....##########...#...


There were no monsters in sight!

Vanquished Creatures
  Snorg (D:10)
  A hydra (D:9)
  A two-headed ogre (D:9)
  A cyclops (D:11)
  A rime drake (D:10)
  A gargoyle (D:10)
  5 komodo dragons (D:10)
  A merfolk (D:9)
  A troll (D:10)
  3 hornets
  Prince Ribbit (D:9)
  A shadow (D:10)
  3 wyverns
  A vampire (D:10)
  18 yaks
  A wraith (D:9)
  Edmund (D:5)
  2 steam dragons (D:7)
  3 water moccasins
  6 orc warriors
  2 sky beasts
  4 black bears
  3 ice beasts
  9 centaurs
  2 phantoms
  2 kobold brigands
  3 bullfrogs
  An elf zombie (Ossuary)
  4 gnoll sergeants
  6 scorpions
  19 wights
  2 howler monkeys (D:7)
  2 electric eels (D:10)
  4 centaur zombies (Ossuary)
  A human zombie (Ossuary)
  A hound (D:6)
  3 jellies
  8 orc priests
  A gnoll bouda (D:9)
  2 sleepcaps
  15 iguanas
  11 orc wizards
  2 mummies (Ossuary)
  Robin (D:2)
  14 gnolls
  12 adders
  An adder zombie (Ossuary)
  2 worms (D:4)
  2 dart slugs
  46 orcs
  3 ball pythons
  6 bats
  6 endoplasms
  17 goblins
  6 hobgoblins
  4 quokkas
  20 frilled lizards
  A goblin zombie (Ossuary)
  11 hobgoblin zombies (Ossuary)
  8 kobolds
  10 kobold zombies (Ossuary)
  6 orc zombies (Ossuary)
  10 rats
  A rat zombie (Ossuary)
347 creatures vanquished.

Vanquished Creatures (others)
  A hound (D:6)
  An orc wizard (D:3)
  A frilled lizard (D:10)
3 creatures vanquished.

Grand Total: 350 creatures vanquished

Notes
Turn   | Place    | Note
-------+----------+-------------------------------------------
     0 | D:1      | Flugslaktarn the Octopode Shapeshifter began the quest for
                  | the Orb.
     0 | D:1      | Reached XP level 1. HP: 13/13 MP: 1/1
    94 | D:1      | Reached XP level 2. HP: 17/18 MP: 2/2
   749 | D:2      | Found a faded altar of an unknown god.
   893 | D:2      | Reached skill level 4 in Shapeshifting
   893 | D:2      | Reached XP level 3. HP: 23/23 MP: 3/3
  1115 | D:2      | Noticed Robin
  1134 | D:2      | Killed Robin
  1135 | D:2      | Reached XP level 4. HP: 9/28 MP: 4/4
  1708 | D:3      | Reached skill level 5 in Shapeshifting
  1739 | D:3      | Reached XP level 5. HP: 9/33 MP: 5/5
  2396 | D:4      | Noticed a black bear
  2410 | D:4      | Killed a black bear
  2411 | D:4      | Reached skill level 6 in Shapeshifting
  2411 | D:4      | Reached XP level 6. HP: 23/38 MP: 6/6
  2458 | D:4      | Found a sand-covered staircase.
  2462 | Ossuary  | Entered an ossuary
  2611 | Ossuary  | Reached skill level 7 in Shapeshifting
  2618 | Ossuary  | Reached XP level 7. HP: 16/43 MP: 7/7
  3186 | D:4      | Found an opulent altar of Gozag.
  3466 | D:4      | Reached XP level 8. HP: 50/54 MP: 8/8
  3765 | D:4      | Reached skill level 5 in Unarmed Combat
  4016 | D:4      | Found a snail-covered altar of Cheibriados.
  4204 | D:5      | Entered Level 5 of the Dungeon
  4208 | D:5      | Found a glowing silver altar of Zin.
  4219 | D:5      | Reached skill level 5 in Fighting
  4232 | D:5      | Found a staircase to the Ecumenical Temple.
  4255 | D:5      | Found Fotozxin's Assorted Antiques.
  4260 | D:5      | Bought a scroll labelled COGOAT UDEI for 19 gold pieces
  4260 | D:5      | Bought a scroll labelled COGOAT UDEI for 19 gold pieces
  4260 | D:5      | Bought a glowing fluorescent wand for 76 gold pieces
  4260 | D:5      | Bought a runed brass wand for 76 gold pieces
  4291 | Temple   | Entered the Ecumenical Temple
  4582 | D:5      | Noticed Edmund
  4589 | D:5      | Killed Edmund
  4590 | D:5      | Reached skill level 8 in Shapeshifting
  5032 | D:5      | Reached XP level 9. HP: 52/61 MP: 9/9
  6343 | D:6      | Found Rips's Antique Weapon Emporium.
  6354 | D:6      | Reached skill level 9 in Shapeshifting
  6530 | D:6      | Reached skill level 5 in Dodging
  8039 | D:7      | Reached skill level 10 in Shapeshifting
  8196 | D:7      | Found a shimmering altar of Xom.
  8272 | D:7      | Noticed a hornet
  8281 | D:7      | Killed a hornet
  8282 | D:7      | Reached XP level 10. HP: 50/68 MP: 10/10
  9073 | D:7      | Found a bloodstained altar of Trog.
  9112 | D:7      | Found a hide-covered altar of Uskayaw.
  9709 | D:8      | Found Utes's Antique Weapon Shoppe.
  9991 | D:8      | Found Dalixzuki's Assorted Antiques.
 10006 | D:8      | Bought a scroll labelled MINAOR YLOUXOX for 27 gold pieces
 10006 | D:8      | Bought a potion of heal wounds for 135 gold pieces
 10006 | D:8      | Bought 2 glowing pink potions for 48 gold pieces
 10239 | D:8      | Found Ocken's Weapon Shoppe.
 10294 | D:8      | Found a transporter.
 10299 | D:8      | Noticed KimchiStew's ghost (novice OpSh)
 10300 | D:8      | Noticed a moth of wrath
 10384 | D:8      | Found a transporter.
 10782 | D:9      | Reached XP level 11. HP: 21/76 MP: 11/11
 10785 | D:9      | Found a broken altar of Ashenzari.
 10792 | D:9      | HP: 3/73 [wight/+0 halberd (5)]
 10802 | D:9      | Gained mutation: You sometimes lose your temper in combat.
                  | [potion of mutation]
 10802 | D:9      | Gained mutation: Your natural rate of healing is unusually
                  | fast. [potion of mutation]
 10863 | D:9      | Became a worshipper of Ashenzari the Shackled
 10904 | D:9      | Noticed a five-headed hydra
 10906 | D:9      | Noticed Prince Ribbit
 10914 | D:9      | Killed a five-headed hydra
 10928 | D:9      | Killed Prince Ribbit
 10975 | D:9      | Identified the +0 whip of the Shrieking God {heavy, rN+
                  | Str+2}
 11153 | D:9      | Found a staircase to the Orcish Mines.
 11242 | D:9      | Found a shimmering blue altar of Sif Muna.
 11454 | D:9      | Noticed a two-headed ogre
 11468 | D:9      | Killed a two-headed ogre
 11469 | D:9      | Reached skill level 10 in Dodging
 11970 | D:9      | Paralysed by a hornet for 2 turns
 11974 | D:9      | HP: 3/77 [hornet (11)]
 12267 | D:10     | Entered Level 10 of the Dungeon
 12267 | D:10     | Noticed Snorg
 12280 | D:10     | Killed Snorg
 12419 | D:10     | Found a staircase to the Lair.
 12803 | D:10     | Reached XP level 12. HP: 53/84 MP: 12/12
 12879 | D:10     | Reached skill level 11 in Shapeshifting
 13490 | D:11     | HP: 4/85 [something (6)]
 13491 | D:11     | Mangled by an unseen horror

Illustrated notes

Levels and vault maps discovered:
D:1:      wheals_arrival_linesprint, layout_basic
D:2:      layout_loops_cross, shapermc_ecumenical_altar_gd, kennysheep_boxes,
          uniq_robin
D:3:      layout_basic
D:4:      kb_forest_paths, layout_basic, grunt_gozag_statues, slow_altar_2,
          enter_ossuary_5, chequers_serial_rivers_micro_e
D:5:      layout_basic, mainiacjoe_overflow_boulevard,
          minmay_temple_entry_statues, serial_shops,
          nicolae_shop_just_a_little_nook, uniq_edmund
D:6:      layout_cave_pods, serial_shops,
          nicolae_shop_competitors_out_of_business
D:7:      layout_rooms, dk_xom_monty_hall, mainiacjoe_overflow_two_lobes,
          lemuel_flame_loot_1
D:8:      layout_gridville, gammafunk_ghost_berserking_beasts, serial_shops,
          nicolae_shop_pleasant_corner_grove, nicolae_shop_bloodbath_and_beyond,
          nicolae_shop_overgrown_old_shop
D:9:      minmay_bubble_buster, layout_rooms, cheibrodos_ashenzari_chains,
          orc_0_dummy, roadster_trireme, uniq_prince_ribbit1
D:10:     lemuel_reptile_caves, layout_basic, lair_entry_dummy, minivault_21,
          uniq_snorg
D:11:     layout_stronghold, serial_ice, serial_ice_j, serial_ice_a,
          serial_ice_n, serial_ice_f, serial_shops, shop
Temple:   bh_familiar_temple

Skill      XL: |  1  2  3  4  5  6  7  8  9 10 11 12 |
---------------+-------------------------------------+-----
Shapeshifting  | 4 5 6 7 8 10 11 | 11.3
Fighting       | 3 5 7 8 9 |  9.1
Unarmed Combat | 4 5 7 8 |  8.1
Dodging        | 3 5 7 10 | 10.8

Action                     |  1- 3 |  4- 6 |  7- 9 | 10-12 || total
---------------------------+-------+-------+-------+-------++-------
  Melee: Unarmed           |    51 |    10 |   178 |   518 ||   757
         Constrict         |    13 |    40 |    72 |   107 ||   232
         Tentacles         |     5 |    37 |    84 |   160 ||   286
         Dagger            |       |   136 |   105 |       ||   241
         Punch             |       |     4 |     5 |     3 ||    12
 Invoke: Curse Item        |       |       |       |     1 ||     1
  Evoke: Wand              |       |       |     3 |    10 ||    13
    Use: Potion            |       |     1 |     4 |    12 ||    17
         Scroll            |       |     3 |     3 |    17 ||    23
   Stab: Sleeping          |     9 |     5 |     5 |     1 ||    20
         Paralysed         |       |       |     3 |     3 ||     6
 Armour: Skin              |    22 |   106 |   143 |   236 ||   507
  Dodge: Dodged            |    27 |   109 |   201 |   445 ||   782
   Form: Flux              |       |       |     1 |       ||     1
         Blade             |       |       |       |     1 ||     1

Table legend: (Time is in decaauts)
 A = Elapsed time spent in this place.
 B = Non-inter-level travel time spent in this place.
 C = Inter-level travel time spent in this place.
 D = Time resting spent in this place.
 E = Time spent auto-exploring this place.
 F = Levels seen in this place.
 G = Mean time per level.
                   A        B        C        D        E       F      G
               +--------+--------+--------+--------+--------+-----+--------+
         Total |  13478 |  12927 |    551 |   3583 |   6908 |  13 | 1036.8 |
       Dungeon |  13051 |  12500 |    551 |   3452 |   6793 |  11 | 1186.5 |
        Temple |      1 |      1 |      0 |      0 |      0 |   1 |    1.0 |
       Ossuary |    425 |    425 |      0 |    131 |    115 |   1 |  425.0 |
               +--------+--------+--------+--------+--------+-----+--------+

Top non-repeatable levels by time:
     D:6: 1986 daAuts
     D:5: 1876 daAuts
     D:9: 1830 daAuts
     D:4: 1370 daAuts
     D:7: 1258 daAuts
     D:8: 1159 daAuts
    D:10: 993 daAuts
     D:3: 836 daAuts
     D:2: 829 daAuts
     D:1: 716 daAuts
 Ossuary: 425 daAuts
    D:11: 194 daAuts
  Temple: 1 daAuts
